Map: Heavy Artillery LE

Players

A.I. 3 (Harder)

  • Race: Protoss Protoss
  • Spawn Location: 3:00

A.I. 2 (Harder)

  • Race: Protoss Protoss
  • Spawn Location: 1:00

dwduck - Winner!

  • Race: Protoss Protoss
  • Spawn Location: 7:00

xBenx - Winner!

  • Race: Zerg Zerg
  • League: Gold
  • Spawn Location: 7:00

VOD

Have the link to the VOD?

Description

Wrong Replay, No delete button to remove replay

Time

  • Played on: April 9, 2024, 1:40 p.m.
  • Length: 37:50
Show
View Real Time Build Order
Export as new Build Order

A.I. 3 (Harder) Protoss 

Build Orders:  

Get SALT Encoding   

  12  0:01  Probe  
  13  0:13  Probe  
  14  0:20  Pylon  
  14  0:25  Probe  
  15  0:34  Probe  
  15  0:42  Probe  
  16  0:48  Assimilator  
  17  0:51  Gateway  
  17  0:52  Probe  
  18  0:59  Pylon  
  18  1:00  Probe  
  19  1:17  Probe  
  20  1:39  Gateway  
  20  1:40  Cybernetics Core  
  20  1:41  Zealot  
  20  1:43  Assimilator  
  22  1:59  Pylon  
  22  2:11  Adept  
  22  2:22  Warp Gate  
  24  2:27  Zealot  
  26  2:41  Zealot  
  28  2:50  Stalker, Pylon  
  30  3:08  Stalker  
  32  3:14  Stalker  
  34  3:29  Pylon  
  34  3:35  Probe  
  34  3:38  Stalker  
  37  3:44  Stalker  
  37  3:47  Probe  
  40  3:56  Forge  
  40  3:59  Probe  
  40  4:00  Adept  
  43  4:11  Probe  
  43  4:15  Pylon  
  44  4:22  Stalker  
  44  4:23  Probe  
  46  4:35  Probe  
  46  4:36  Stalker  
  49  4:48  Probe  
  50  5:50  Protoss Ground Weapons Level 1  
  50  6:00  Adept  
  50  6:02  Gateway  
  52  6:05  Twilight Council  
  52  6:06  Nexus  
  52  6:07  Photon Cannon  
  52  6:08  Adept  
  52  6:10  Photon Cannon  
  54  6:13  Pylon  
  54  6:20  Sentry  
  56  6:28  Adept  
  58  6:35  Robotics Facility  
  58  6:39  Blink  
  56  6:41  Adept  
  50  6:49  Adept  
  48  6:57  Zealot  
  39  7:05  Zealot  
  41  7:13  Stalker  
  43  7:18  Observer  
  43  7:20  Stalker  
  46  7:23  Probe  
  46  7:26  Probe  
  46  7:28  Adept  
  50  7:35  Probe  
  50  7:36  Adept  
  53  7:38  Probe  
  53  7:42  Protoss Ground Armor Level 1  
  54  7:44  Stalker  
  54  7:47  Probe  
  54  7:50  Probe  
  58  7:52  Adept  
  58  7:53  Observer  
  61  7:59  Probe  
  61  8:00  Stalker  
  61  8:03  Probe  
  65  8:07  Pylon  
  65  8:08  Sentry  
  65  8:11  Probe  
  65  8:12  Pylon  
  68  8:13  Probe  
  69  8:21  Probe  
  69  8:23  Probe  
  69  8:26  Stargate  
  71  8:33  Probe  
  71  8:34  Photon Cannon  
  71  8:35  Probe  
  73  8:45  Probe  
  74  9:01  Assimilator  
  74  9:07  Assimilator  
  74  9:22  Adept  
  72  9:24  Probe  
  72  9:25  Probe  
  72  9:30  Stalker  
  76  9:32  Observer  
  76  9:36  Probe  
  76  9:38  Probe  
  78  9:45  Zealot  
  78  9:48  Probe  
  77  9:53  Zealot  
  77  10:01  Adept  
  77  10:02  Warp Prism  
  81  10:07  Oracle  
  78  10:21  Pylon  
  78  10:29  Nexus, Observer  
  72  10:39  Stalker  
  72  10:41  Stargate  
  63  10:45  Observer  
  63  10:48  Sentry  
  66  11:00  Protoss Ground Weapons Level 2  
  66  11:02  Warp Prism  
  68  11:28  Warp Prism  
  70  11:44  Probe  
  70  11:46  Assimilator  
  71  12:03  Assimilator  
  71  12:06  Probe  
  71  12:07  Probe  
  73  12:10  Probe  
  74  12:18  Probe  
  74  12:19  Probe  
  74  12:22  Probe  
  77  12:29  Probe  
  77  12:30  Probe  
  77  12:33  Probe  
  80  12:38  Probe  
  80  12:40  Probe  
  80  12:41  Probe  
  82  12:46  Probe  
  82  12:49  Probe  
  82  12:50  Probe  
  86  13:01  Protoss Shields Level 1  
  85  13:20  Observer  
  85  13:23  Protoss Air Weapons Level 1  
  86  13:46  Stalker  
  88  13:50  Sentry  
  88  13:54  Zealot  
  88  13:55  Pylon  
  92  13:59  Immortal  
  92  14:01  Stalker x2  
  96  14:04  Stalker  
  98  14:13  Stalker  
  100  14:17  Sentry  
  100  14:20  Pylon  
  100  14:24  Sentry  
  104  14:26  Oracle  
  99  14:34  Robotics Bay  
  90  14:38  Immortal  
  90  14:39  Templar Archives  
  90  14:40  Nexus, Stalker  
  90  14:42  Fleet Beacon  
  90  14:44  Sentry  
  90  14:45  Robotics Facility  
  98  14:48  Stargate  
  98  14:49  Sentry, Pylon  
  98  14:52  Forge  
  100  14:54  Dark Shrine  
  100  15:03  Protoss Ground Armor Level 2, Stalker  
  102  15:07  Zealot  
  102  15:12  Sentry  
  102  15:13  Gateway  
  102  15:14  Protoss Shields Level 2  
  106  15:21  Disruptor  
  106  15:23  Gravitic Drive  
  106  15:26  Stalker  
  112  15:30  High Templar  
  112  15:31  Protoss Air Armor Level 1  
  112  15:32  Psionic Storm  
  112  15:34  Tempest  
  112  15:35  High Templar  
  116  15:39  Disruptor  
  120  15:48  Zealot  
  127  15:53  Archon  
  127  16:02  Zealot  
  127  16:03  Assimilator  
  129  16:06  High Templar  
  129  16:08  Pylon  
  129  16:10  High Templar, Pylon  
  133  16:14  Gateway  
  133  16:16  Assimilator  
  133  16:20  Gravitic Boosters  
  133  16:25  Probe x3  
  133  16:28  Probe  
  121  16:37  Probe x3  
  123  16:40  Probe  
  123  16:46  Stalker  
  124  16:49  Probe x2  
  124  16:50  Zealot, Probe  
  124  16:51  Photon Cannon  
  124  16:52  Probe  
  124  16:54  Photon Cannon  
  124  16:59  High Templar, Archon  
  124  17:01  Probe  
  127  17:02  Probe x2  
  127  17:03  High Templar  
  127  17:04  Probe  
  127  17:08  Pylon  
  132  17:13  Probe  
  133  17:18  Protoss Ground Weapons Level 3  
  133  17:27  Archon  
  133  17:28  Dark Templar  
  135  17:33  Protoss Air Weapons Level 2  
  135  17:39  High Templar  
  135  17:43  High Templar  
  139  17:50  Adept  
  141  17:52  Phoenix  
  141  17:53  Adept  
  141  17:54  Protoss Ground Armor Level 3  
  143  18:02  Adept  
  147  18:10  Adept  
  149  18:13  Phoenix  
  149  18:16  Adept  
  149  18:17  Archon  
  149  18:19  Resonating Glaives, Adept  
  155  18:22  Adept  
  150  18:45  Adept  
  148  18:48  Adept  
  148  18:49  Probe  
  149  18:55  Probe  
  149  18:58  Probe  
  149  18:59  Probe  
  148  19:09  Stargate  
  141  19:10  Probe x2  
  141  19:12  Sentry  
  134  19:17  Probe  
  134  19:19  Probe  
  134  19:22  Pylon  
  134  19:23  Probe  
  127  19:25  Probe  
  127  19:27  Pylon  
  127  19:29  Stalker, Probe  
  117  19:31  Probe  
  117  19:32  Stalker  
  117  19:34  Warp Prism  
  117  19:35  Probe  
  117  19:37  Void Ray, Assimilator, Probe  
  116  19:41  Probe  
  116  19:43  Stalker  
  116  19:44  Void Ray, Fleet Beacon  
  103  19:51  Pylon  
  103  19:52  Gateway, Stalker  
  91  19:55  Stalker  
  91  19:57  Photon Cannon  
  87  20:00  Pylon  
  87  20:06  Protoss Shields Level 3, Photon Cannon, Stalker  
  80  20:09  Assimilator, Probe  
  80  20:12  Stalker, Probe  
  80  20:13  Void Ray, Probe  
  82  20:15  Stalker  
  82  20:18  Probe  
  86  20:22  Probe  
  86  20:24  Probe  
  86  20:25  Probe  
  86  20:26  Stargate  
  86  20:28  Robotics Facility  
  82  20:29  Zealot  
  82  20:31  Probe  
  82  20:32  Adept  
  82  20:34  Probe  
  87  20:37  Probe  
  87  20:38  Probe  
  87  20:42  Photon Cannon  
  88  20:46  Probe  
  88  20:47  Adept  
  88  20:49  Warp Prism, Adept  
  92  20:51  Pylon  
  92  20:53  Adept  
  92  20:54  Gateway  
  87  21:07  Sentry  
  79  21:15  Immortal  
  83  21:39  Zealot  
  85  21:42  Phoenix  
  85  21:45  Zealot  
  89  21:48  Warp Prism  
  89  21:50  Stargate  
  89  21:52  Zealot  
  89  21:54  Pylon  
  93  21:56  Sentry  
  95  22:11  Phoenix  
  95  22:12  Probe  
  97  22:18  Probe  
  97  22:20  Probe  
  98  22:30  Probe  
  98  22:31  Pylon  
  98  22:32  Zealot  
  98  22:34  Sentry  
  89  22:46  Stargate  
  89  22:52  Zealot  
  91  23:00  Pylon  
  91  23:12  Pylon  
  91  23:14  Stalker  
  91  23:17  Robotics Facility  
  89  23:22  Gateway  
  93  23:27  Void Ray, Cybernetics Core  
  93  23:32  Dark Templar  
  95  23:50  Dark Templar, Archon  
  95  23:55  Dark Templar  
  99  24:05  Sentry  
  101  24:13  Pylon  
  92  24:26  Probe  
  92  24:28  Probe  
  88  24:32  Zealot  
  88  24:37  Zealot  
  88  24:38  Probe  
  89  24:40  Probe  
  90  24:46  Templar Archives  
  90  24:50  Probe  
  90  24:52  Probe  
  92  25:02  Probe  
  92  25:03  Pylon  
  93  25:09  Pylon  
  93  25:11  Immortal  
  93  25:28  High Templar  
  99  25:33  High Templar  
  99  25:40  Pylon  
  99  25:45  Zealot  
  97  26:00  High Templar  
  99  26:06  Zealot  
  101  26:14  Pylon  
  99  26:20  Pylon  
  99  26:25  Gateway  
  95  26:35  Colossus  
  101  26:44  Tempest, Probe  
  101  26:46  Protoss Air Weapons Level 3  
  108  26:47  Probe  
  108  26:56  Probe  
  108  26:59  Archon, Probe  
  108  27:00  Dark Templar, Archon  
  112  27:06  Dark Templar  
  72  27:43  Adept, Probe x2  
  76  27:45  Adept  
  76  27:48  Dark Templar  
  72  27:53  Sentry  
  72  27:55  Probe  
  72  27:56  Probe  
  72  28:07  Probe  
  73  28:20  Archon  
  73  28:32  Probe  
  72  28:40  Probe x2  
  74  28:44  Phoenix  
  74  28:47  Photon Cannon  
  77  28:50  Probe  
  77  28:52  Probe  
  78  28:59  Zealot  
  76  29:03  Probe  
  77  29:28  Probe  
  77  29:30  Probe  
  78  29:38  Probe  
  78  29:40  Zealot, Probe  
  78  29:43  Zealot  
  78  29:45  Zealot  
  86  29:47  Adept  
  87  30:00  Adept  
  87  30:03  Adept  
  87  30:06  Adept  
  93  30:18  Probe  
  94  30:23  Probe  
  87  30:30  Probe  
  87  30:35  Probe  
  83  30:38  Probe  
  83  30:41  Stalker  
  82  30:43  Zealot  
  82  30:46  Probe  
  82  30:47  Probe  
  83  30:51  Void Ray  
  82  30:57  Zealot  
  82  30:59  Probe  
  79  31:21  Nexus  
  79  31:26  Zealot  
  81  31:33  Zealot  
  83  31:42  Zealot  
  77  31:49  Probe  
  66  32:16  Pylon  
  65  32:40  Probe  
  66  32:56  Pylon, Probe  
  61  33:19  Probe  
  48  34:01  Pylon  
  48  34:26  Pylon  
  48  34:43  Pylon  
  46  35:16  Pylon  
  46  35:34  Probe  
  46  35:36  High Templar  
  46  35:41  Probe  
  42  35:52  High Templar  
  41  36:04  High Templar  
Show
View Real Time Build Order
Export as new Build Order

A.I. 2 (Harder) Protoss 

Build Orders:  

Get SALT Encoding   

  12  0:01  Probe  
  13  0:13  Probe  
  14  0:20  Pylon  
  14  0:25  Probe  
  15  0:34  Probe  
  15  0:42  Probe  
  16  0:48  Assimilator  
  17  0:51  Gateway  
  17  0:52  Probe  
  18  1:00  Pylon, Probe  
  19  1:19  Probe  
  20  1:38  Zealot  
  22  1:40  Cybernetics Core  
  22  1:44  Gateway  
  22  1:46  Assimilator  
  22  1:57  Zealot  
  22  2:00  Pylon  
  24  2:16  Warp Gate  
  24  2:22  Zealot  
  26  2:31  Zealot  
  28  2:42  Pylon  
  28  2:49  Stalker  
  30  2:52  Stalker  
  32  2:59  Probe  
  33  3:11  Probe  
  34  3:15  Pylon  
  34  3:18  Adept  
  34  3:19  Stalker  
  36  3:23  Probe  
  39  3:29  Forge  
  39  3:35  Probe  
  40  3:47  Probe  
  40  3:48  Zealot  
  43  3:59  Probe  
  44  4:19  Protoss Ground Weapons Level 1  
  44  4:29  Stalker  
  46  4:32  Gateway  
  46  4:37  Sentry  
  48  4:40  Pylon  
  48  4:52  Stalker  
  50  4:59  Stalker  
  52  5:01  Robotics Facility  
  50  5:15  Sentry  
  50  5:16  Pylon  
  52  5:23  Adept  
  54  5:30  Stalker  
  56  5:35  Twilight Council  
  56  5:38  Stalker  
  58  5:43  Photon Cannon  
  58  5:45  Observer  
  59  5:52  Blink  
  59  5:53  Photon Cannon  
  59  6:01  Probe  
  59  6:03  Observer  
  59  6:10  Protoss Ground Armor Level 1  
  60  6:15  Nexus  
  60  7:28  Probe  
  60  7:29  Probe  
  62  7:39  Assimilator  
  62  7:40  Probe  
  62  7:42  Probe  
  62  7:43  Assimilator  
  64  7:52  Probe  
  64  7:54  Probe  
  66  8:01  Observer  
  66  8:04  Probe  
  67  8:06  Probe  
  68  8:14  Stalker x2  
  68  8:16  Probe  
  68  8:18  Probe  
  70  8:22  Immortal  
  70  8:24  Probe  
  70  8:25  Nexus  
  64  8:59  Warp Prism  
  52  9:18  Zealot  
  53  9:26  Observer, Stalker  
  55  9:35  Sentry  
  55  9:42  Warp Prism  
  55  9:43  Assimilator  
  55  9:44  Stalker  
  57  9:47  Assimilator  
  59  10:09  Probe x2  
  59  10:11  Immortal  
  65  10:42  Observer  
  58  10:44  Probe  
  60  11:03  Immortal  
  64  11:07  Stalker  
  64  11:09  Probe  
  67  11:12  Probe  
  67  11:15  Stalker  
  70  11:19  Pylon, Probe  
  70  11:22  Probe  
  70  11:25  Probe  
  73  11:26  Protoss Ground Weapons Level 2  
  73  11:30  Warp Prism  
  73  11:31  Probe  
  74  11:33  Probe  
  74  11:34  Probe  
  76  11:40  Robotics Facility  
  76  11:46  Stargate, Probe  
  79  11:49  Gateway  
  79  11:52  Probe  
  79  11:53  Robotics Bay  
  80  11:55  Pylon  
  80  11:56  Probe  
  80  11:58  Probe  
  82  12:02  Observer  
  82  12:04  Probe  
  82  12:08  Probe  
  85  12:09  Zealot  
  85  12:15  Templar Archives  
  87  12:17  Pylon  
  87  12:28  Zealot  
  89  12:32  Colossus  
  89  12:34  Fleet Beacon  
  93  12:37  Zealot, Stargate  
  93  12:39  Void Ray  
  93  12:42  Pylon  
  95  12:45  Gateway  
  95  12:46  Stalker  
  95  12:51  Stalker  
  85  12:55  Stalker  
  83  12:59  Sentry  
  85  13:08  High Templar  
  85  13:12  Stalker  
  89  13:17  Tempest  
  94  13:21  Probe  
  94  13:26  Stalker  
  102  13:27  Probe  
  102  13:28  Void Ray, Stargate  
  102  13:30  Sentry  
  102  13:31  Probe  
  102  13:33  Probe  
  106  13:35  Adept  
  106  13:38  Pylon  
  106  13:39  Stalker, Probe  
  111  13:41  Protoss Shields Level 1  
  111  13:44  Stalker  
  111  13:45  Probe  
  114  13:49  Zealot  
  114  13:52  Probe  
  114  13:53  Stalker, Probe  
  114  13:55  Gravitic Boosters  
  120  13:58  Stalker  
  122  14:03  High Templar  
  122  14:09  Psionic Storm  
  124  14:16  Protoss Air Weapons Level 1  
  124  14:17  Observer  
  124  14:20  Archon  
  124  14:21  High Templar  
  126  14:25  High Templar  
  126  14:31  Pylon  
  128  14:42  High Templar, Archon  
  128  14:43  Gravitic Drive  
  130  14:49  High Templar  
  132  14:57  Pylon  
  132  14:59  Pylon  
  132  15:01  Pylon  
  132  15:03  Pylon  
  132  15:05  Zealot  
  122  15:09  Stalker  
  120  15:14  Zealot  
  120  15:18  Stalker  
  124  15:23  Forge, Protoss Ground Armor Level 2, Stalker  
  124  15:25  Photon Cannon  
  124  15:27  High Templar  
  128  15:31  Photon Cannon  
  128  15:41  High Templar, Archon  
  128  15:42  Protoss Shields Level 2  
  130  15:46  Nexus, High Templar  
  132  15:58  Immortal  
  132  16:02  Immortal  
  140  16:07  Carrier  
  140  16:11  Zealot  
  146  16:20  Protoss Air Armor Level 1  
  146  16:27  Zealot  
  146  16:31  Zealot  
  130  16:35  Zealot  
  132  16:40  Zealot  
  132  16:44  Sentry  
  136  16:48  High Templar  
  138  17:00  Sentry, Archon  
  130  17:05  High Templar  
  132  17:10  High Templar  
  130  17:23  High Templar, Archon  
  130  17:27  High Templar, Assimilator  
  122  17:30  Pylon  
  122  17:32  Stalker  
  122  17:33  Pylon  
  122  17:34  Assimilator  
  122  17:37  Stalker  
  122  17:42  High Templar, Archon  
  126  17:55  High Templar  
  128  17:59  Stalker  
  128  18:00  Protoss Ground Armor Level 3  
  130  18:05  Photon Cannon  
  130  18:35  Photon Cannon  
  130  18:39  Probe  
  125  18:42  Zealot  
  125  18:43  Probe  
  125  18:45  Nexus  
  125  18:50  Probe  
  125  18:57  Cybernetics Core  
  125  19:01  Probe x2  
  119  19:05  Colossus, Probe  
  119  19:09  Probe x2  
  118  19:14  Disruptor  
  118  19:17  Probe x2  
  123  19:25  Probe  
  123  19:28  Probe  
  123  19:29  Probe  
  124  19:33  Adept  
  124  19:36  Void Ray  
  124  19:37  Probe, Stalker  
  129  19:40  Probe  
  129  19:41  Stalker, Probe  
  129  19:45  Stalker  
  135  19:47  Archon  
  135  19:48  Stalker, Pylon  
  135  19:50  Protoss Air Armor Level 2  
  141  19:56  Disruptor, Probe  
  141  19:57  Probe x2  
  141  19:58  Void Ray  
  127  20:00  High Templar  
  127  20:03  Disruptor  
  127  20:05  Probe  
  123  20:07  Zealot  
  123  20:09  Probe x2  
  123  20:11  Adept  
  123  20:13  Probe  
  117  20:14  Protoss Ground Weapons Level 3  
  117  20:15  High Templar  
  117  20:20  Pylon  
  117  20:21  Probe x2  
  117  20:22  Nexus, Sentry  
  113  20:28  Observer  
  113  20:29  Pylon  
  113  20:31  Nexus  
  113  20:32  Sentry  
  113  20:33  Probe  
  113  20:35  Probe  
  118  20:36  Observer  
  118  20:39  Tempest  
  118  20:45  Probe  
  118  20:47  Pylon, Probe  
  118  20:49  Disruptor, Assimilator  
  129  20:57  Probe  
  129  20:59  Probe  
  131  21:07  Probe  
  132  21:15  Probe  
  132  21:16  Probe  
  132  21:17  Pylon  
  133  21:25  Probe  
  134  21:27  Pylon  
  134  21:28  Probe  
  134  21:31  Twilight Council  
  136  21:33  Probe  
  136  21:38  Probe  
  138  21:40  Probe  
  138  21:41  Probe  
  140  21:51  Protoss Shields Level 3  
  140  21:52  Probe  
  140  21:53  Photon Cannon, Probe  
  142  21:58  Pylon  
  142  22:04  Probe  
  142  22:05  Pylon  
  142  22:13  Pylon  
  140  22:17  Pylon  
  138  22:26  Zealot  
  140  22:30  Stalker  
  140  22:32  Probe  
  140  22:34  Probe  
  140  22:35  Adept  
  146  22:49  Phoenix  
  148  22:54  Adept  
  148  22:58  Adept  
  152  23:02  Adept  
  154  23:07  Adept  
  154  23:11  Nexus  
  156  23:21  Pylon  
  156  23:24  Phoenix  
  158  23:41  Assimilator  
  158  23:47  Pylon  
  158  23:54  Pylon  
  164  23:55  Carrier  
  164  23:56  Resonating Glaives  
  164  23:59  Probe  
  165  24:03  Probe  
  166  24:11  Probe  
  167  24:23  Pylon  
  167  24:24  Adept  
  161  24:32  Adept  
  161  24:35  Void Ray  
  161  24:37  Adept  
  165  24:44  Adept  
  157  24:58  Phoenix  
  154  25:03  Phoenix  
  152  25:09  Protoss Air Weapons Level 2  
  152  25:14  Pylon  
  145  25:29  Assimilator  
  143  25:45  Robotics Facility  
  131  26:00  Probe  
  131  26:02  Probe  
  131  26:03  High Templar, Archon  
  130  26:05  Gateway  
  130  26:08  Nexus, High Templar  
  124  26:18  Pylon  
  121  26:47  Assimilator  
  121  26:53  Probe  
  120  27:01  Gateway  
  104  27:52  Probe  
  101  28:01  Probe  
  101  28:03  Probe  
  101  28:14  Probe  
  102  28:22  Probe  
  102  28:25  Probe  
  103  28:30  Probe  
  105  28:36  Probe  
  105  28:40  Gateway  
  99  29:03  Probe  
  100  29:10  Probe  
  100  29:11  Observer  
  100  29:16  Zealot, Probe  
  101  29:37  Pylon  
  101  29:54  Probe  
  102  30:03  Probe  
  103  30:19  Probe  
  104  30:23  Nexus  
  104  30:24  Probe  
  104  30:26  Probe  
  105  30:29  Pylon  
  105  30:34  Probe  
  107  30:39  Probe  
  107  30:43  Probe  
  107  30:45  Probe  
  107  30:49  Probe  
  107  30:55  Probe  
  106  30:59  Probe  
  108  31:32  Nexus  
  108  31:55  Probe  
  109  32:04  Stargate  
  109  32:09  Probe  
  110  32:18  Zealot  
  112  32:25  Observer  
  112  32:27  Sentry  
  115  32:35  Stalker  
  113  32:38  Pylon, Probe  
  109  32:47  Probe  
  102  33:03  Probe x2  
  87  33:41  Probe  
  87  33:42  Probe  
  87  33:53  Probe  
  87  33:54  Probe  
  87  34:02  Probe  
  87  34:56  Probe  
Show
View Real Time Build Order
Export as new Build Order

dwduck Protoss - Winner!

Build Orders: Carriers 

Get SALT Encoding   

  12  0:03  Probe  
  13  0:19  Pylon  
  13  0:39  Gateway  
  13  0:50  Pylon  
  13  0:57  Assimilator  
  13  1:46  Pylon  
  13  1:49  Forge  
  13  2:37  Pylon  
  13  2:58  Photon Cannon  
  13  3:05  Photon Cannon  
  13  3:14  Probe (Chrono Boost)  
  13  3:18  Photon Cannon  
  13  3:19  Photon Cannon  
  14  3:21  Photon Cannon  
  14  3:23  Photon Cannon  
  14  3:24  Probe (Chrono Boost)  
  15  3:29  Probe (Chrono Boost)  
  16  3:40  Probe  
  17  3:47  Assimilator  
  17  3:48  Cybernetics Core  
  17  3:52  Zealot, Probe  
  20  4:04  Probe  
  21  4:16  Probe  
  22  4:19  Zealot  
  24  4:28  Shield Battery  
  24  4:31  Photon Cannon  
  24  4:58  Stargate  
  24  4:59  Shield Battery  
  24  5:00  Shield Battery  
  24  5:09  Protoss Air Armor Level 1  
  24  5:37  Nexus  
  24  5:39  Probe (Chrono Boost)  
  24  5:41  Assimilator  
  25  5:46  Assimilator  
  25  5:49  Probe (Chrono Boost)  
  30  5:53  Void Ray (Chrono Boost)  
  30  5:54  Probe (Chrono Boost)  
  31  6:21  Pylon  
  31  6:24  Pylon  
  31  6:37  Void Ray (Chrono Boost)  
  35  7:18  Protoss Air Weapons Level 1  
  35  7:32  Probe  
  36  7:44  Probe  
  41  7:47  Void Ray  
  41  7:56  Stargate, Probe  
  42  8:00  Stargate  
  42  8:03  Stargate  
  42  8:08  Probe  
  43  8:20  Probe  
  48  8:31  Void Ray  
  48  8:56  Nexus  
  44  9:53  Void Ray (Chrono Boost)  
  44  9:54  Void Ray x2 (Chrono Boost)  
  44  10:04  Probe (Chrono Boost)  
  45  10:16  Probe (Chrono Boost)  
  46  10:22  Probe (Chrono Boost)  
  47  10:30  Probe  
  48  10:36  Photon Cannon x2  
  48  10:38  Photon Cannon  
  48  10:40  Photon Cannon  
  48  10:41  Photon Cannon  
  48  10:42  Probe  
  53  10:48  Void Ray  
  53  10:49  Void Ray  
  57  11:10  Probe (Chrono Boost)  
  58  11:18  Probe (Chrono Boost)  
  60  11:28  Probe (Chrono Boost)  
  60  11:29  Probe (Chrono Boost)  
  65  11:33  Probe (Chrono Boost)  
  65  11:34  Probe (Chrono Boost)  
  65  11:35  Void Ray  
  67  11:44  Probe  
  68  11:51  Fleet Beacon  
  68  11:56  Probe  
  69  12:14  Assimilator  
  73  12:18  Void Ray, Assimilator  
  73  12:29  Pylon  
  73  12:32  Pylon  
  73  12:34  Pylon  
  73  12:36  Pylon  
  73  13:13  Carrier (Chrono Boost)  
  73  13:15  Carrier (Chrono Boost)  
  73  13:16  Carrier (Chrono Boost)  
  91  13:21  Tempest (Chrono Boost)  
  96  13:29  Protoss Shields Level 1  
  96  13:40  Probe (Chrono Boost)  
  97  13:51  Probe (Chrono Boost)  
  98  13:55  Probe (Chrono Boost)  
  98  13:58  Tempest (Chrono Boost)  
  104  14:06  Probe  
  101  14:46  Probe (Chrono Boost)  
  102  14:57  Probe (Chrono Boost)  
  103  15:01  Probe (Chrono Boost)  
  66  15:26  Carrier (Chrono Boost)  
  66  15:27  Carrier (Chrono Boost)  
  66  15:28  Carrier x2 (Chrono Boost)  
  90  15:58  Protoss Ground Armor Level 1  
  90  16:10  Protoss Air Armor Level 2  
  90  16:23  Carrier  
  90  16:24  Carrier  
  90  16:25  Carrier, Tempest  
  113  16:35  Pylon  
  113  16:36  Pylon  
  113  16:37  Pylon  
  113  16:39  Pylon  
  113  16:41  Pylon  
  101  17:07  Tempest  
  100  17:27  Tempest  
  100  17:28  Tempest  
  98  17:43  Carrier (Chrono Boost)  
  104  17:51  Carrier (Chrono Boost)  
  110  17:59  Protoss Ground Weapons Level 1  
  110  18:08  Carrier x2 (Chrono Boost)  
  122  18:43  Protoss Air Weapons Level 2, Tempest (Chrono Boost)  
  127  18:50  Tempest (Chrono Boost)  
  127  19:04  Tempest  
  62  20:39  Carrier  
  68  21:10  Nexus  
  68  22:20  Pylon  
  68  22:21  Carrier x2, Pylon  
  80  22:23  Pylon  
  80  22:25  Pylon  
  80  22:28  Pylon  
  80  22:31  Carrier, Pylon  
  80  22:32  Pylon  
  80  22:35  Carrier  
  76  22:41  Pylon  
  76  22:44  Pylon  
  61  22:46  Pylon  
  61  22:51  Pylon  
  50  23:26  Carrier x2  
  62  23:36  Carrier  
  62  23:39  Carrier  
  74  24:30  Carrier x2  
  86  24:47  Nexus  
  80  25:06  Pylon  
  74  25:07  Pylon  
  74  25:09  Pylon  
  74  25:11  Pylon  
  74  25:13  Pylon  
  62  25:14  Pylon  
  62  25:15  Pylon  
  62  25:17  Pylon  
  62  25:18  Pylon  
  62  25:56  Carrier x2  
  74  25:58  Carrier  
  74  26:14  Assimilator  
  74  26:15  Assimilator  
  44  26:56  Probe  
  45  27:29  Nexus  
  45  27:33  Pylon  
  45  27:36  Pylon  
  45  27:38  Pylon  
  45  27:46  Carrier x2  
  45  27:48  Carrier  
  45  28:22  Photon Cannon  
  45  28:24  Photon Cannon  
  45  28:26  Photon Cannon  
  45  28:38  Photon Cannon  
  45  28:40  Shield Battery  
  45  28:45  Shield Battery  
  45  29:08  Probe  
  46  29:20  Probe  
  47  29:32  Probe  
  48  29:44  Probe  
  67  29:47  Carrier (Chrono Boost)  
  67  29:48  Carrier (Chrono Boost)  
  67  29:49  Carrier (Chrono Boost)  
  67  30:05  Carrier (Chrono Boost)  
  55  30:51  Pylon  
  55  30:53  Pylon  
  55  30:55  Pylon  
  55  31:31  Photon Cannon  
  55  31:33  Photon Cannon  
  55  31:35  Photon Cannon  
  55  32:06  Pylon  
  55  32:10  Pylon  
  55  32:12  Pylon  
  55  32:16  Carrier x2  
  55  32:17  Carrier x2  
  79  33:20  Carrier  
  79  33:21  Carrier  
  73  33:46  Carrier x2  
  85  34:14  Photon Cannon  
  85  34:16  Photon Cannon  
  85  34:17  Photon Cannon  
  85  34:19  Photon Cannon  
  85  34:21  Photon Cannon  
  85  34:26  Shield Battery  
  85  34:28  Shield Battery  
  85  34:29  Carrier  
  85  34:30  Carrier, Shield Battery  
  97  36:25  Carrier x3  
  115  36:26  Carrier  
Show
View Real Time Build Order
Export as new Build Order

xBenx Zerg - Winner!

Build Orders: Hatch First 

Get SALT Encoding   

  12  0:02  Drone  
  13  0:17  Overlord  
  13  0:23  Drone  
  14  0:36  Drone  
  14  0:37  Extractor, Drone  
  15  0:57  Hatchery  
  15  1:01  Drone  
  15  1:11  Drone  
  16  1:20  Drone  
  17  1:27  Drone  
  17  1:30  Overlord  
  18  1:45  Drone x2  
  20  1:53  Spawning Pool  
  19  1:58  Drone  
  20  2:10  Drone  
  21  2:21  Overlord  
  21  2:33  Drone x2  
  23  2:39  Queen x2  
  23  2:41  Drone x3  
  30  2:47  Extractor  
  29  2:52  Evolution Chamber  
  29  2:54  Drone  
  29  2:55  Drone  
  29  2:57  Drone  
  31  3:00  Metabolic Boost  
  31  3:03  Drone  
  31  3:05  Drone  
  33  3:34  Zerg Ground Armor Level 1  
  33  3:39  Lair  
  33  3:42  Drone x3, Hatchery  
  33  3:43  Extractor  
  34  3:55  Queen  
  36  4:02  Baneling Nest  
  35  4:03  Drone  
  35  4:04  Drone x5  
  35  4:08  Drone x3  
  44  4:16  Overlord x2  
  44  4:34  Spine Crawler  
  44  4:36  Spore Crawler  
  44  4:38  Spore Crawler  
  41  4:39  Drone x3  
  41  4:40  Extractor  
  43  5:01  Spine Crawler  
  43  5:05  Evolution Chamber  
  43  5:06  Evolution Chamber  
  40  5:07  Zergling x2  
  40  5:08  Zergling x12  
  40  5:13  Spine Crawler x2  
  45  5:18  Centrifugal Hooks  
  45  5:22  Drone x2  
  45  5:23  Queen  
  49  5:33  Baneling  
  49  5:34  Baneling x4  
  49  5:53  Zerg Melee Weapons Level 1  
  49  5:55  Zerg Missile Weapons Level 1  
  49  5:56  Drone x3  
  51  5:57  Drone  
  51  5:58  Drone x2  
  51  6:02  Drone x2  
  56  6:05  Drone x3  
  56  6:07  Drone x2  
  56  6:10  Spore Crawler  
  60  6:13  Zergling x2  
  60  6:14  Zergling x2  
  61  6:24  Zergling x4, Roach Warren  
  62  6:35  Drone x2  
  64  6:45  Zergling x2  
  64  6:46  Zergling x10  
  63  6:54  Drone x2  
  63  6:55  Drone  
  63  6:58  Spine Crawler  
  65  7:06  Nydus Network  
  64  7:15  Spine Crawler  
  63  7:17  Nydus Network  
  63  7:18  Spore Crawler  
  63  7:21  Drone x3  
  64  7:23  Extractor  
  64  7:24  Extractor, Drone  
  64  7:25  Drone  
  64  7:28  Pneumatized Carapace  
  66  7:31  Burrow  
  66  7:35  Glial Reconstitution  
  66  7:36  Roach  
  66  7:37  Infestation Pit, Overlord  
  66  7:38  Overlord x2  
  65  7:49  Nydus Canal  
  65  7:54  Drone  
  66  8:01  Overlord x2  
  66  8:04  Zerg Melee Weapons Level 2, Zerg Missile Weapons Level 2, Zerg Ground Armor Level 2  
  66  8:07  Baneling  
  66  8:08  Baneling x5  
  66  8:20  Hatchery  
  66  8:26  Infestor x2  
  69  8:35  Hive  
  69  8:36  Drone x3  
  69  8:40  Spore Crawler  
  70  8:53  Zergling x8  
  70  8:54  Zergling x10  
  72  9:03  Queen  
  72  9:07  Overseer  
  72  9:08  Overseer  
  69  9:22  Infestor  
  64  9:27  Drone x3  
  64  9:30  Drone, Spine Crawler  
  64  9:31  Drone x2  
  64  9:32  Zergling x8, Roach x2, Spine Crawler  
  64  9:35  Infestor  
  71  9:40  Queen  
  55  9:56  Lair, Spine Crawler  
  55  9:57  Infestor  
  55  9:58  Spine Crawler  
  42  10:15  Zergling x2  
  42  10:16  Zergling x14  
  47  10:21  Nydus Canal  
  47  10:31  Drone x2  
  48  10:44  Drone  
  48  10:45  Drone x2  
  50  11:03  Drone  
  50  11:04  Drone x2  
  52  11:07  Drone x5  
  56  11:14  Drone x3  
  59  11:19  Drone x2  
  59  11:22  Baneling x6  
  61  11:30  Overlord x2  
  61  11:41  Zerg Ground Armor Level 3  
  61  11:44  Adrenal Glands  
  61  11:51  Queen  
  61  11:54  Infestor  
  63  11:57  Drone x3  
  66  12:07  Drone x3  
  66  12:08  Drone x2  
  71  12:24  Hatchery  
  69  12:43  Zergling x10  
  69  12:44  Zergling x14  
  74  12:45  Zergling x6  
  81  12:53  Queen  
  83  13:00  Extractor  
  83  13:01  Spore Crawler  
  83  13:03  Extractor  
  80  13:06  Hatchery  
  79  13:14  Nydus Canal  
  79  13:16  Drone x2  
  79  13:17  Drone  
  79  13:18  Drone x4  
  86  13:23  Queen  
  88  13:36  Infestor  
  88  13:43  Zerg Missile Weapons Level 3  
  88  13:44  Drone  
  88  13:45  Drone  
  90  13:50  Spine Crawler  
  90  13:51  Evolution Chamber  
  90  13:52  Spine Crawler  
  90  13:55  Drone, Spine Crawler  
  87  14:01  Drone x3  
  90  14:07  Overlord  
  90  14:09  Nydus Canal  
  90  14:13  Infestor x4  
  98  14:17  Baneling  
  98  14:18  Baneling x16  
  98  14:22  Neural Parasite  
  98  14:23  Ultralisk Cavern  
  98  14:24  Drone x2  
  99  14:28  Zerg Melee Weapons Level 3  
  98  14:41  Drone x3, Spine Crawler  
  100  14:48  Nydus Canal  
  100  14:57  Drone  
  100  14:58  Drone x3  
  104  15:02  Drone x3  
  104  15:04  Drone x3  
  104  15:05  Queen  
  104  15:07  Queen  
  112  15:14  Chitinous Plating  
  114  15:15  Zergling x4, Ultralisk  
  114  15:16  Zergling x6, Ultralisk  
  131  15:40  Extractor, Nydus Network, Hatchery  
  131  15:41  Spore Crawler  
  127  15:45  Spore Crawler  
  127  15:46  Spine Crawler  
  127  15:48  Zergling x8  
  127  15:49  Zergling x6  
  132  15:56  Tunneling Claws  
  124  16:15  Infestor x4  
  124  16:16  Drone x3  
  124  16:18  Nydus Network  
  119  16:19  Drone  
  119  16:20  Drone x2  
  90  16:57  Anabolic Synthesis  
  88  17:01  Nydus Canal  
  88  17:04  Drone  
  88  17:05  Drone  
  90  17:15  Nydus Canal  
  90  17:18  Nydus Canal  
  90  17:20  Nydus Canal  
  90  17:31  Drone x3  
  90  17:33  Drone x4  
  90  17:34  Drone x3  
  100  17:37  Extractor  
  100  17:39  Extractor  
  100  17:43  Zergling x12, Ultralisk x4  
  126  17:45  Overlord x2  
  126  17:46  Overlord x2  
  126  17:50  Nydus Canal  
  126  17:51  Nydus Canal  
  126  18:01  Nydus Canal  
  126  18:16  Nydus Canal  
  126  18:17  Nydus Canal  
  126  18:18  Nydus Canal  
  126  18:31  Nydus Canal  
  121  18:35  Spine Crawler  
  121  18:38  Nydus Canal  
  99  18:48  Spine Crawler  
  99  18:51  Nydus Canal  
  99  18:53  Drone  
  95  18:56  Nydus Canal  
  95  18:57  Drone  
  95  19:02  Nydus Canal  
  94  19:05  Spine Crawler  
  94  19:06  Spine Crawler  
  94  19:07  Spore Crawler  
  90  19:12  Nydus Canal  
  76  19:20  Lair  
  76  19:24  Extractor  
  76  19:25  Extractor  
  76  19:26  Spore Crawler  
  76  19:27  Zergling x4  
  76  19:28  Zergling x10, Ultralisk x3  
  76  19:29  Zergling x2, Spore Crawler, Ultralisk x3  
  116  19:34  Ultralisk Cavern  
  115  19:38  Infestation Pit  
  115  19:43  Spine Crawler x2  
  115  19:45  Spore Crawler  
  111  19:46  Spine Crawler  
  110  20:04  Drone x2, Hatchery  
  110  20:05  Drone  
  110  20:06  Drone x3  
  113  20:09  Drone x2  
  113  20:10  Spore Crawler  
  113  20:11  Spine Crawler  
  113  20:12  Drone, Spine Crawler  
  113  20:20  Nydus Canal  
  113  20:21  Nydus Canal  
  113  20:28  Drone  
  107  20:41  Spine Crawler  
  106  20:44  Drone x3  
  106  20:46  Queen  
  106  20:48  Extractor  
  106  20:49  Hatchery  
  109  20:57  Nydus Canal  
  109  21:10  Drone x3  
  106  21:17  Nydus Canal  
  100  21:22  Drone, Queen  
  102  21:30  Nydus Canal  
  102  21:40  Nydus Canal  
  96  21:47  Zergling x4, Ultralisk x2  
  96  21:48  Zergling x16, Ultralisk  
  96  21:49  Zergling x12  
  130  21:58  Spore Crawler x2  
  130  22:00  Spine Crawler  
  130  22:01  Drone x3  
  130  22:13  Baneling  
  130  22:14  Baneling x4  
  130  22:16  Drone x3, Hatchery  
  130  22:17  Extractor  
  130  22:18  Extractor  
  130  22:20  Queen  
  132  22:24  Spore Crawler  
  127  22:34  Nydus Network  
  127  22:35  Spore Crawler  
  119  22:37  Spine Crawler  
  119  22:38  Queen  
  119  22:39  Drone x3  
  123  22:48  Nydus Canal  
  123  22:51  Spine Crawler  
  123  22:56  Spore Crawler, Spine Crawler  
  123  22:57  Spine Crawler  
  119  22:58  Drone x2  
  119  22:59  Drone  
  122  23:10  Overlord x4  
  121  23:14  Drone x3  
  121  23:16  Nydus Canal  
  121  23:17  Nydus Canal  
  111  23:25  Drone x4  
  113  23:27  Overseer, Overlord  
  113  23:35  Drone  
  113  23:38  Extractor, Drone x2  
  113  23:40  Drone x2  
  117  23:42  Extractor, Drone x4  
  117  23:48  Drone x3  
  123  23:49  Overseer  
  123  23:50  Overseer  
  123  24:05  Nydus Canal  
  123  24:08  Nydus Canal  
  113  24:20  Nydus Canal  
  113  24:23  Zergling x2  
  105  24:29  Extractor  
  98  24:31  Spine Crawler  
  98  24:34  Nydus Canal  
  98  24:37  Zergling x8, Overseer, Ultralisk, Hatchery  
  98  24:38  Zergling x14  
  105  24:39  Zergling x14  
  105  24:42  Overlord x2  
  114  24:46  Drone x3  
  114  24:47  Drone x3  
  114  24:48  Drone x3  
  123  24:54  Drone x2  
  122  25:05  Hatchery  
  120  25:07  Hatchery  
  119  25:17  Spine Crawler  
  118  25:33  Hatchery  
  118  25:34  Overseer  
  117  25:36  Drone x5  
  117  25:41  Drone x3  
  111  25:50  Drone  
  102  26:05  Spore Crawler  
  102  26:06  Spore Crawler  
  102  26:07  Spine Crawler  
  102  26:08  Spore Crawler  
  102  26:10  Drone x2  
  102  26:11  Drone x3  
  103  26:12  Spore Crawler  
  103  26:14  Zergling x2  
  103  26:15  Zergling x14, Ultralisk x4  
  103  26:16  Zergling x6  
  103  26:18  Nydus Canal  
  136  26:20  Zergling x2  
  136  26:22  Zergling x2  
  136  26:23  Zergling x4, Ultralisk  
  143  26:40  Hatchery  
  143  26:41  Extractor  
  143  26:43  Spore Crawler x2  
  143  26:44  Drone x2  
  143  26:45  Drone, Queen  
  144  26:47  Nydus Canal  
  144  26:49  Nydus Canal  
  144  26:53  Zergling x8  
  144  26:54  Zergling x4  
  150  27:11  Spore Crawler  
  147  27:18  Nydus Canal  
  142  27:25  Nydus Canal  
  100  27:41  Drone x3  
  100  27:42  Drone x3  
  106  27:50  Zergling x8, Ultralisk x2  
  106  27:51  Zergling x8  
  126  27:54  Overseer x2  
  126  27:55  Overlord  
  126  27:56  Overlord  
  126  27:57  Drone  
  126  28:16  Nydus Canal  
  126  28:18  Nydus Canal  
  125  28:24  Drone x3  
  125  28:25  Nydus Network  
  125  28:42  Spore Crawler, Spine Crawler  
  125  28:46  Nydus Canal  
  125  28:47  Nydus Canal  
  121  29:08  Hatchery  
  121  29:09  Nydus Network, Hatchery  
  118  29:12  Nydus Canal  
  118  29:15  Zergling x12, Ultralisk  
  118  29:16  Zergling x16  
  135  29:17  Zergling x12  
  135  29:18  Zergling x10  
  111  29:42  Overlord x2  
  111  29:52  Nydus Canal  
  111  29:54  Nydus Canal  
  111  30:00  Nydus Canal  
  111  30:03  Zergling x12  
  111  30:04  Zergling x14  
  111  30:05  Zergling x14  
  111  30:06  Zergling x6, Overlord x2  
  134  30:10  Nydus Canal  
  134  30:14  Ultralisk  
  134  30:25  Baneling x3  
  134  30:26  Baneling x2  
  134  30:27  Baneling x2  
  133  30:29  Queen  
  133  30:31  Drone x3  
  133  30:35  Nydus Canal  
  133  30:40  Drone x2  
  125  30:59  Nydus Canal  
  125  31:01  Nydus Canal  
  125  31:03  Overlord x2  
  125  31:05  Nydus Canal  
  125  31:18  Nydus Canal  
  125  31:22  Nydus Canal  
  125  31:24  Nydus Canal  
  121  31:33  Nydus Canal  
  119  31:46  Nydus Canal  
  119  31:55  Nydus Canal  
  119  31:58  Nydus Canal  
  105  32:09  Nydus Canal  
  103  32:24  Nydus Canal  
  101  32:35  Overseer  
  98  32:43  Extractor  
  95  32:44  Extractor, Hatchery  
  95  32:47  Spine Crawler  
  91  33:02  Overlord  
  91  33:04  Nydus Canal  
  86  33:31  Extractor  
  86  33:33  Extractor, Spore Crawler, Hatchery  
  86  33:34  Spine Crawler  
  81  33:36  Drone x3  
  81  33:37  Drone x2  
  86  33:48  Nydus Canal x2  
  79  33:50  Zergling x10, Ultralisk x3  
  79  33:51  Zergling x14, Ultralisk  
  114  34:05  Nydus Canal  
  114  34:09  Baneling  
  114  34:10  Baneling x5  
  109  34:28  Drone  
  109  34:29  Drone x2, Queen  
  102  35:06  Nydus Canal x2  
  89  35:28  Zergling x12, Ultralisk x2  
  99  35:29  Zergling x14  
  99  35:30  Zergling x8  
  99  35:31  Drone x3  
  102  35:52  Nydus Canal  
  102  35:53  Nydus Canal  
  102  36:10  Nydus Canal  
  102  36:22  Nydus Canal  
  88  36:40  Zergling x2  
  88  36:41  Zergling x12  
  92  36:59  Extractor  
  92  37:00  Spore Crawler, Hatchery  
  89  37:02  Extractor, Nydus Canal x2  
  89  37:07  Drone x3  
  89  37:08  Nydus Canal  
  91  37:22  Nydus Canal  
Tags
 
Add a new tag
Caveats
  • Supply blocks, unpowered buildings, or Contaminate may cause inaccurate times.
  • Supply counts are checked every 10 seconds.